 Dungeon Crawl Stone Soup version 0.27-a0-836-gfc908b8576 (webtiles) character file.

Game seed: 16507468642303073311

3583 lunkers the Martial Artist (level 9, -1/91 HPs)
             Began as a Demigod Transmuter on Mar 31, 2021.
             Shot with a sling bullet by Joseph (13 damage)
             ... on level 8 of the Dungeon.
             The game lasted 00:12:28 (10661 turns).

lunkers the Martial Artist (Demigod Transmuter)    Turns: 10661, Time: 00:12:29

Health: -1/91      AC: 11    Str: 11    XL:     9   Next: 55%
Magic:  14/14      EV: 10    Int: 19    God:
Gold:   423        SH:  0    Dex: 22    Spells: 2/11 levels left

rFire    . . .     SeeInvis .     - Unarmed
rCold    . . .     Faith    .   (shield currently unavailable)
rNeg     . . .     Spirit   .   (armour currently unavailable)
rPois    +         Reflect  .   (helmet currently unavailable)
rElec    .         Harm     .   (cloak currently unavailable)
rCorr    .         Rampage  .   (gloves currently unavailable)
Will     .....                  (boots currently unavailable)
Stlth    ++........             (no amulet)
HPRegen  0.25/turn              y - +4 ring of protection
MPRegen  0.14/turn              m - ring of wizardry

@: hydra-form
A: fast swimmer, devour, amphibious, boosted hp, very large, high mp 1, forlorn
a: End Transformation


You were on level 8 of the Dungeon.
You were a three-headed hydra.
You visited 1 branch of the dungeon, and saw 8 of its levels.

You collected 423 gold pieces.

Inventory:

Hand Weapons
 u - a +3 scimitar
Armour
 a - a +0 robe
 t - a +2 hat (melded)
 v - a +0 robe of willpower (melded)
Jewellery
 l - a ring of protection from fire
 m - a ring of wizardry (right foreclaw)
 r - a +6 ring of dexterity
 y - a +4 ring of protection (left foreclaw)
Wands
 x - a wand of polymorph (8)
 z - a wand of flame (16)
Scrolls
 b - 2 scrolls of brand weapon {unknown}
 c - 2 scrolls of amnesia {unknown}
 d - 2 scrolls of enchant weapon {unknown}
 e - a scroll of immolation {unknown}
 g - 2 scrolls of magic mapping {unknown}
 n - 4 scrolls of identify {unknown}
 p - 5 scrolls of teleportation {unknown}
 q - a scroll of silence {unknown}
 w - 4 scrolls of enchant armour {unknown}
Potions
 f - 2 potions of brilliance {unknown}
 h - 6 potions of curing
 i - a potion of might {unknown}
 j - 2 potions of degeneration {unknown}
 k - 2 potions of haste {unknown}
 o - a potion of attraction {unknown}
 s - 2 potions of berserk rage {unknown}
 A - a potion of mutation {unknown}


   Skills:
 + Level 3.4 Fighting
 + Level 3.8 Dodging
 + Level 9.0 Unarmed Combat
 - Level 1.7 Spellcasting
 + Level 8.7 Transmutations


You had 2 spell levels left.
You knew the following spells:

 Your Spells              Type           Power      Damage    Failure   Level
b - Spider Form           Tmut/Pois      9%         N/A       3%          3
c - Hydra Form            Tmut           17%        N/A       5%          5
p - Beastly Appendage     Tmut           68%        N/A       1%          1

Your spell library contained the following spells:

 Spells                   Type           Power      Damage    Failure   Level
 Wereblood                Tmut           34%        N/A       1%          2
 Animate Skeleton         Necr           2%         N/A       7%          1
 Apportation              Tloc           2%         N/A       7%          1
 Corona                   Hex            1%         N/A       7%          1
 Summon Small Mammal      Summ           4%         N/A       7%          1
 Slow                     Hex            1%         N/A       11%         2
 Ice Form                 Ice/Tmut       18%        N/A       12%         4
 Inner Flame              Hex/Fire       1%         N/A       21%         3
 Portal Projectile        Hex/Tloc       2%         N/A       21%         3
 Cause Fear               Hex            0%         N/A       52%         4
 Leda's Liquefaction      Hex/Erth       0%         N/A       52%         4


Dungeon Overview and Level Annotations

Branches:
Dungeon (8/15)             Temple (0/1) D:5
   Lair: D:8-11

Annotations:
D:4 2 transporters, quinnr's ghost, amateur GrMo
D:8 Joseph


Innate Abilities, Weirdness & Mutations

You are a three-headed hydra.
You swim very quickly.
You can devour living enemies to heal.
You are amphibious.
Your maximum health is greatly increased.
Your armour is entirely melded.
You are incapable of wielding weapons or throwing items.
Your attributes grow dramatically as you level up.
You have an increased reservoir of magic. (+10% MP)
You shall have no god before yourself.


Message History

You destroy the wight!
No target in view!
No target in view!
Things that are here:
a +3 hand axe of freezing; a +0 robe No target in view!
No target in view!
No target in view!
No target in view!
No target in view!
Joseph unwields a +2 spectral quarterstaff.
Joseph wields a +0 hunting sling.
Joseph shoots a sling bullet.
The sling bullet hits you but does no damage.
Joseph shoots a sling bullet.
The sling bullet hits you!
A wight comes into view. It is wielding a +0 hand axe.
Joseph shoots a sling bullet.
The sling bullet hits you!
A wight comes into view. It is wielding a +3 flail.
The wight barely misses you.
Joseph says, "You must be punished!
Or...
I want to punish you!"
Joseph shoots a sling bullet.
The sling bullet hits you.
Found a stone staircase leading down.
You barely miss the wight. The wight hits you but does no damage.
You bite the wight!
The wight is almost destroyed.
The wight hits you with a +3 morningstar of freezing!
The wight freezes you.
You barely miss the wight.
The wight is almost destroyed.
Joseph shoots a sling bullet.
The sling bullet hits you!
* * * LOW HITPOINT WARNING * * *
You barely miss the wight.
The wight is almost destroyed.
The wight hits you with a +3 morningstar of freezing!
* * * LOW HITPOINT WARNING * * *
The wight freezes you.
* * * LOW HITPOINT WARNING * * *
Joseph shoots a sling bullet.
The sling bullet hits you!!
* * * LOW HITPOINT WARNING * * *
Joseph shoots a sling bullet.
The sling bullet hits you!
You die...

#############
#...........# .
#...........# ..
#...........# ...
#...........# ....
#...........#
.....#####.)....<....#
.......z..#####......#
>...z..zD.# #......#
..........# #......#
..........# #......#
.......@..#
#......####
..........#
#..........
..........#
#..........
..........#
#..........
#####.....#
#..........
#..........


You could see Joseph and 3 wights.

Vanquished Creatures
  Harold (D:8)
  3 yaks (D:8)
  An acid dragon (D:8)
  A water moccasin (D:7)
  2 sky beasts
  A black bear (D:7)
  An ogre (D:6)
  2 centaurs
  2 kobold brigands
  3 bullfrogs
  A gnoll sergeant (D:3)
  7 scorpions
  A wyvern skeleton (D:7)
  5 wights
  A centaur zombie (D:8)
  A centaur skeleton (D:5)
  A hound (D:6)
  A jelly (D:8)
  2 iguanas
  5 orc wizards
  A killer bee zombie (D:8)
  3 hound skeletons (D:4)
  A howler monkey zombie (D:7)
  7 gnolls
  5 adders
  2 shadow imps
  An adder skeleton (D:4)
  A worm (D:2)
  3 dart slugs
  29 orcs
  6 ball pythons
  A bat (D:2)
  6 endoplasms
  3 giant cockroaches
  5 goblins
  6 hobgoblins
  7 jackals (D:1)
  8 kobolds
  4 quokkas
  8 frilled lizards
  5 rats
154 creatures vanquished.

Notes
Turn   | Place    | Note
-------+----------+-------------------------------------------
     0 | D:1      | lunkers the Demigod Transmuter began the quest for the Orb.
     0 | D:1      | Reached XP level 1. HP: 15/15 MP: 5/5
   250 | D:1      | Reached skill level 3 in Unarmed Combat
   302 | D:1      | Reached XP level 2. HP: 22/22 MP: 5/7
   678 | D:1      | You fall into a shaft and drop 1 floor!
   724 | D:2      | Reached XP level 3. HP: 12/27 MP: 6/8
  2502 | D:3      | Noticed a scorpion
  2511 | D:3      | Killed a scorpion
  2512 | D:3      | Reached skill level 4 in Unarmed Combat
  2512 | D:3      | Reached XP level 4. HP: 23/34 MP: 7/9
  2559 | D:3      | Learned a level 3 spell: Spider Form
  2865 | D:3      | Reached XP level 5. HP: 33/39 MP: 6/10
  4500 | D:4      | Reached XP level 6. HP: 35/46 MP: 7/11
  4723 | D:4      | Reached skill level 5 in Unarmed Combat
  4942 | D:4      | Found a transporter.
  4955 | D:4      | Noticed quinnr's ghost (amateur GrMo)
  5021 | D:4      | Found a transporter.
  5411 | D:5      | Entered Level 5 of the Dungeon
  5719 | D:5      | Reached skill level 5 in Transmutations
  6010 | D:5      | Found a staircase to the Ecumenical Temple.
  6065 | D:5      | Reached XP level 7. HP: 51/51 MP: 8/12
  6319 | D:5      | Reached skill level 6 in Unarmed Combat
  6898 | D:6      | Learned a level 5 spell: Hydra Form
  7937 | D:6      | Reached skill level 7 in Unarmed Combat
  7937 | D:6      | Reached XP level 8. HP: 34/58 MP: 9/13
  8977 | D:7      | Reached skill level 8 in Unarmed Combat
  9775 | D:8      | Reached skill level 1 in Fighting
 10063 | D:8      | Noticed Harold
 10078 | D:8      | HP: 2/76 [Harold/+0 trident (18)]
 10080 | D:8      | Killed Harold
 10081 | D:8      | Reached XP level 9. HP: 12/68 MP: 10/14
 10398 | D:8      | Noticed Psyche
 10407 | D:8      | Noticed Psyche
 10407 | D:8      | Psyche changed into Psyche the acid dragon
 10412 | D:8      | Killed Psyche the acid dragon
 10413 | D:8      | Reached skill level 9 in Unarmed Combat
 10607 | D:8      | Noticed Joseph
 10661 | D:8      | Shot with a sling bullet by Joseph

Illustrated notes

Levels and vault maps discovered:
D:1:      sevenhm_arrival_forest_fort_small_6, layout_basic, minmay_hexomino_f4
D:2:      layout_basic, nicolae_vehumet_altar_sigil
D:3:      layout_basic
D:4:      layout_rooms, gammafunk_ghost_stat_death
D:5:      layout_rooms, minmay_temple_entry_wispy
D:6:      layout_gridville, nemelex_xobeh_ov_fountains_minmay,
          fedhas_ov_isle_minmay
D:7:      layout_cave_pools, chequers_temple_overflow_statue_of_worship,
          kennysheep_windowed_goal
D:8:      layout_gridville, nicolae_ossuary_entry_monument,
          ebering_dispersal_statue_hall, uniq_joseph, uniq_harold, uniq_psyche,
          uniq_grum

Skill      XL: |  1  2  3  4  5  6  7  8  9 |
---------------+----------------------------+-----
Transmutations | 2 3 4 5 6 8 |  8.7
Unarmed Combat | 3 4 5 7 8 9 |  9.0
Fighting       | 2 3 |  3.4
Dodging        | 3 |  3.8
Spellcasting   | |  1.7

Action                   |  1- 3 |  4- 6 |  7- 9 || total
-------------------------+-------+-------+-------++-------
Melee: Unarmed           |   124 |   138 |   223 ||   485
       Headbutt          |    18 |     2 |       ||    20
       Kick              |    19 |     3 |       ||    22
       Punch             |     1 |     1 |       ||     2
 Cast: Beastly Appendage |    31 |     4 |       ||    35
       Spider Form       |       |    24 |    18 ||    42
       Hydra Form        |       |       |    15 ||    15
Evoke: Wand              |       |       |     1 ||     1
  Use: Potion            |       |       |     1 ||     1
 Stab: Sleeping          |     2 |       |     1 ||     3
Armor: Robe              |    14 |     2 |     3 ||    19
       Skin              |       |     7 |    53 ||    60
Dodge: Dodged            |    74 |    92 |   153 ||   319

Table legend: (Time is in decaauts)
 A = Elapsed time spent in this place.
 B = Non-inter-level travel time spent in this place.
 C = Inter-level travel time spent in this place.
 D = Time resting spent in this place.
 E = Time spent auto-exploring this place.
 F = Levels seen in this place.
 G = Mean time per level.
                   A        B        C        D        E       F      G
               +--------+--------+--------+--------+--------+-----+--------+
         Total |  10609 |  10301 |    308 |    397 |   8583 |   8 | 1326.1 |
       Dungeon |  10609 |  10301 |    308 |    397 |   8583 |   8 | 1326.1 |
               +--------+--------+--------+--------+--------+-----+--------+

Top non-repeatable levels by time:
     D:3: 1906 daAuts
     D:5: 1516 daAuts
     D:6: 1506 daAuts
     D:2: 1335 daAuts
     D:7: 1235 daAuts
     D:1: 1146 daAuts
     D:4: 1003 daAuts
     D:8: 958 daAuts
